 Dungeon Crawl Stone Soup version 0.24.0-13-gcf9b319 (webtiles) character file.

Game seed: 12468101165121457742, levelgen mode: deterministic

196 Fortress the Conjurer (level 5, -1/38 HPs)
             Began as a Draconian Conjurer on Jan 7, 2020.
             Slain by an orc wizard
             ... wielding a +0 dagger
              (4 damage)
             ... on level 4 of the Dungeon.
             The game lasted 00:10:36 (3290 turns).

Fortress the Conjurer (Draconian Conjurer)          Turns: 3290, Time: 00:10:37

Health: -1/38      AC:  5    Str: 10    XL:     5   Next: 45%
Magic:  0/9        EV: 12    Int: 17    God:
Gold:   200        SH:  0    Dex: 15    Spells: 9/10 levels left

rFire    . . .     SeeInvis .   e - +0 spear
rCold    . . .     Gourm    .   (no shield)
rNeg     . . .     Faith    .   (armour unavailable)
rPois    .         Spirit   .   (helmet restricted)
rElec    .         Reflect  .   (no cloak)
rCorr    .         Harm     .   (no gloves)
MR       .....                  (no boots)
Stlth    ++........             (no amulet)
HPRegen  0.12/turn              s - +4 ring of dexterity
MPRegen  0.11/turn              (no ring)

@: very slightly contaminated
A: unfitting armour, cold-blooded, AC +5
a: no special abilities


You were on level 4 of the Dungeon.
You were hungry.

You visited 1 branch of the dungeon, and saw 4 of its levels.

You collected 200 gold pieces.

Inventory:

Hand Weapons
 e - a +0 spear (weapon)
 j - a +0 dire flail
Missiles
 f - 23 poisoned darts (quivered)
Jewellery
 s - a +4 ring of dexterity (left hand)
Scrolls
 c - a scroll of enchant armour {unknown}
 g - 3 scrolls of remove curse {unknown}
 h - 3 scrolls of teleportation
 k - 4 scrolls of identify {unknown}
 q - a scroll of magic mapping {unknown}
Potions
 a - a potion of haste {unknown}
 d - 2 potions of mutation {unknown}
 i - a potion of curing {unknown}
 l - a potion of cancellation {unknown}
 m - a potion of invisibility {unknown}
 n - a potion of degeneration {unknown}
 o - a potion of heal wounds {unknown}
 p - a potion of brilliance {unknown}
Comestibles
 b - 5 rations
 r - a chunk of flesh


   Skills:
 - Level 2.0 Dodging
 - Level 3.0 Stealth
 + Level 3.1 Spellcasting
 + Level 5.5 Conjurations


You had 9 spell levels left.
You knew the following spells:

 Your Spells              Type           Power        Failure   Level  Hunger
a - Magic Dart            Conj           ###.         1%          1    None

Your spell library contained the following spells:

 Spells                   Type           Power        Failure   Level  Hunger
 Searing Ray              Conj           ###...       2%          2    ##.....
 Dazzling Spray           Conj/Hex       ##....       17%         3    ###....
 Iskenderun's Mystic Bla  Conj           ###.....     17%         4    ####...
 Force Lance              Conj/Tloc      ##......     50%         4    ####...
 Fulminant Prism          Conj/Hex       ##........   50%         4    ####...


Dungeon Overview and Level Annotations

Branches:
Dungeon (4/15)
 Temple: D:4-7

Altars:
Ashenzari
Fedhas
Nemelex Xobeh
Uskayaw

Annotations:
D:3 exclusion: oklob plant
D:4 Grinder


Innate Abilities, Weirdness & Mutations

Your plain brown scales are hard. (AC +5)
You cannot fit into any form of body armour.
You are cold-blooded and may be slowed by cold attacks.


Message History

The orc priest closely misses you.
You barely miss the orc priest.
The orc priest is severely wounded.
The orc priest barely misses you.
You hit the orc priest.
The orc priest is almost dead.
The orc priest mumbles some strange prayers to Beogh against you.
Pain shoots through your body!
* * * LOW HITPOINT WARNING * * *
Casting: Magic Dart (safe; 1% risk of failure)
Confirm with . or Enter, or press ? or * to list all spells.
Aiming: Magic Dart (safe; 1% risk of failure)
Press: ? - help, Shift-Dir - straight line, f/p - orc priest
Aim: an orc priest, wearing a +0 scale mail (almost dead)
The magic dart hits the orc priest.
You kill the orc priest!
Your Spellcasting skill increases to level 3!
You are feeling hungry.
Something hits you.
You die...

.###.####..#
#.####..#
#.......#
######.##
#..# #.##
#.# #.# #
#@#
...##.####[#
...o...o..o#
.....o######
.).## .


You could see an orc wizard.

Vanquished Creatures
  An orc priest (D:4)
  A centaur skeleton (D:4)
  An orc wizard (D:4)
  6 adders
  A worm (D:4)
  2 dart slugs (D:1)
  A leopard gecko (D:2)
  8 orcs
  A ball python (D:3)
  2 giant cockroaches
  A goblin (D:1)
  5 hobgoblins
  4 jackals (D:1)
  5 bats
  2 frilled lizards
  3 kobolds (D:1)
  5 rats (D:2)
49 creatures vanquished.

Vanquished Creatures (others)
  14 toadstools (D:3)
14 creatures vanquished.

Grand Total: 63 creatures vanquished

Notes
Turn   | Place    | Note
-------+----------+-------------------------------------------
     0 | D:1      | Fortress the Draconian Conjurer began the quest for the
                  | Orb.
     0 | D:1      | Reached XP level 1. HP: 14/14 MP: 3/3
   289 | D:1      | Reached XP level 2. HP: 20/20 MP: 0/5
  1017 | D:1      | Reached XP level 3. HP: 16/26 MP: 0/6
  1273 | D:2      | Found a hide-covered altar of Uskayaw.
  1280 | D:2      | Reached skill level 5 in Conjurations
  1554 | D:2      | Reached XP level 4. HP: 33/33 MP: 3/7
  1650 | D:2      | Found a shattered altar of Ashenzari.
  1759 | D:3      | Found a sparkling altar of Nemelex Xobeh.
  2706 | D:3      | Found a blossoming altar of Fedhas.
  2726 | D:3      | Noticed an oklob plant
  3041 | D:4      | Noticed Grinder
  3056 | D:4      | Reached XP level 5. HP: 17/38 MP: 4/9
  3290 | D:4      | Slain by an orc wizard

Levels and vault maps discovered:
D:1:      shiori_angband_town, layout_loops_ring, palyth_stone_intersect
D:2:      layout_basic, nicolae_overflow_crystal_walls,
          ashenzari_conservatory_becter, bloody_makhleb
D:3:      layout_basic, tgw_fedhas, marbit_many_paths, nrook_campfire
D:4:      layout_loops_cross, first_ration, nicolae_ru_path_of_blood,
          uniq_grinder

Skill      XL: |  1  2  3  4  5 |
---------------+----------------+-----
Stealth        | 2 3 |  3.0
Dodging        | 2 |  2.0
Conjurations   | 5 |  5.5
Spellcasting   | 3 |  3.1

Action                   |  1- 3 |  4- 6 || total
-------------------------+-------+-------++-------
Melee: Spear             |    57 |    36 ||    93
       Unarmed           |     5 |       ||     5
       Tailslap          |     4 |     7 ||    11
 Cast: Magic Dart        |    48 |    48 ||    96
  Use: Scroll            |       |     1 ||     1
 Stab: Sleeping          |     4 |     1 ||     5
  Eat: Chunk             |     2 |     6 ||     8
Armor: Skin              |    34 |    19 ||    53
Dodge: Dodged            |    63 |    40 ||   103
